 Dungeon Crawl Stone Soup version 0.21.1-1-g345015fe64 (webtiles) character file.

1306 HessuHobo the Chopper (level 8, -9/62 HPs)
             Began as a Demonspawn Berserker on May 23, 2018.
             Was a Believer of Trog.
             Mangled by Delanovic's ghost (14 damage)
             ... on level 6 of the Dungeon.
             The game lasted 00:13:18 (5137 turns).

HessuHobo the Chopper (Demonspawn Berserker)        Turns: 5137, Time: 00:13:19

Health: -9/62      AC:  7    Str: 19    XL:     8   Next: 32%
Magic:  0/8        EV: 14    Int:  9    God:    Trog [**....]
Gold:   257        SH:  0    Dex: 13    Spells: 7/7 levels left

rFire    . . .     SeeInvis .   s - +1 hand axe (freeze)
rCold    + . .     Gourm    .   (no shield)
rNeg     . . .     Faith    .   l - -1 ring mail (curse)
rPois    .         Spirit   +   (no helmet)
rElec    .         Reflect  .   d - +0 cloak
rCorr    .         Harm     .   (no gloves)
MR       .....                  (no boots)
Stlth    +.........             (no amulet)
HPRegen  0.20/turn              g - +3 ring of evasion
MPRegen  0.11/turn              e - ring of stealth

@: berserk cooldown, slowed, very slow
A: hooves 1, rugged brown scales 1, cold resistance 1, powered by pain 2, magic
shield
a: Berserk, Trog's Hand, Burn Spellbooks, Renounce Religion


You were on level 6 of the Dungeon.
You worshipped Trog.
Trog was pleased with you.
You were full.

You visited 1 branch of the dungeon, and saw 6 of its levels.

You collected 257 gold pieces.

Inventory:

Hand Weapons
 a - a +1 hand axe
 s - a +1 hand axe of freezing (weapon)
Armour
 d - a +0 cloak (worn)
 f - a +0 scale mail
 h - a +0 ring mail
 k - a +2 leather armour of poison resistance
 l - a cursed -1 ring mail (worn)
 r - a +0 chain mail
 t - a +2 chain mail of fire resistance
Jewellery
 e - a ring of stealth (right hand)
 g - a +3 ring of evasion (left hand)
Wands
 b - a wand of enslavement (15)
Scrolls
 i - a scroll of identify
 j - a scroll of blinking
 m - a scroll of teleportation
Potions
 p - a potion of haste
 q - a potion of flight
Comestibles
 c - 9 rations


   Skills:
 + Level 4.5 Fighting
 * Level 7.6 Axes
 * Level 5.3 Armour
 - Level 1.7 Dodging


You had 7 spell levels left.
You didn't know any spells.

Dungeon Overview and Level Annotations

Branches:
Dungeon (6/15)             Temple (0/1) D:5

Altars:
Cheibriados
Fedhas
Gozag
Kikubaaqudgha
Qazlal
Ru
Vehumet
Yredelemnul

Annotations:
D:4 exclusion: statue
D:6 Delanovic's ghost, novice GrGl


Innate Abilities, Weirdness & Mutations

You are partially covered in rugged brown scales. (AC +1, +3% HP)
You sometimes gain power by taking damage.
When hurt, damage is shared between your health and your magic reserves.
You have large cloven feet.
Your flesh is cold resistant. (rC+)


Message History

You hit Delanovic's ghost. You freeze Delanovic's ghost.
You kick Delanovic's ghost, but do no damage.
Delanovic's ghost is almost destroyed.
Delanovic's ghost hits you.
* * * LOW HITPOINT WARNING * * *
You barely miss Delanovic's ghost. Your kick misses Delanovic's ghost.
Delanovic's ghost is almost destroyed.
Delanovic's ghost barely misses you.
You closely miss Delanovic's ghost. Your kick misses Delanovic's ghost.
Delanovic's ghost is almost destroyed.
Delanovic's ghost hits you but does no damage.
Delanovic's ghost hits you!
* * * LOW HITPOINT WARNING * * *
You feel better. Delanovic's ghost closely misses you.
You hit Delanovic's ghost. You freeze Delanovic's ghost.
Delanovic's ghost is almost destroyed.
Delanovic's ghost hits you!
* * * LOW HITPOINT WARNING * * *
Delanovic's ghost hits you!
You die...

## .##
#.#####..##
#...W@<...#
..?..$.......#
#...####.#....#
#.. #.##.$..# #
#.# #$..# #.#
#.!$ #.# #..
..# #.


You could see Delanovic's ghost.

Vanquished Creatures
  Duvessa (D:5)
  An orc warrior (D:3)
  An ice beast (D:5)
  2 phantoms (D:4)
  An ogre (D:5)
  A bullfrog (D:5)
  A scorpion (D:6)
  Dowan (D:5)
  A howler monkey (D:3)
  2 vampire bats (D:3)
  A crimson imp (D:5)
  A quasit (D:5)
  An orc priest (D:3)
  An orc wizard (D:5)
  An iguana (D:5)
  Terence (D:3)
  Ijyb (D:4)
  6 worker ants
  A gnoll (D:1)
  2 adders
  2 oozes
  An adder skeleton (D:5)
  2 worms
  A dart slug (D:1)
  5 leopard geckos
  13 orcs
  3 ball pythons
  7 bats
  A bat skeleton (D:3)
  3 bat zombies (D:3)
  6 giant cockroaches
  9 goblins
  4 hobgoblins
  7 jackals
  2 kobolds
  3 quokkas
  2 frilled lizards (D:1)
  A jackal zombie (D:5)
  7 rats
107 creatures vanquished.

Notes
Turn   | Place    | Note
-------+----------+-------------------------------------------
     0 | D:1      | HessuHobo the Demonspawn Berserker began the quest for the Orb.
     0 | D:1      | Reached XP level 1. HP: 18/18 MP: 1/1
   131 | D:1      | Reached skill level 3 in Axes
   183 | D:1      | Gained mutation: When hurt, damage is shared between your health and your magic reserves. [demonic ancestry]
   183 | D:1      | Reached XP level 2. HP: 19/24 MP: 2/2
   604 | D:1      | Reached XP level 3. HP: 22/29 MP: 3/3
   618 | D:1      | Reached ** piety under Trog
   790 | D:1      | Gained mutation: You evolve. [potion of mutation]
   790 | D:1      | Gained mutation: You have large cloven feet. [potion of mutation]
  1395 | D:2      | Noticed Terence
  1397 | D:2      | Found a sacrificial altar of Ru.
  1428 | D:3      | Killed Terence
  1428 | D:3      | Reached skill level 4 in Axes
  1428 | D:3      | Gained mutation: You sometimes gain a little power by taking damage. [demonic ancestry]
  1428 | D:3      | Reached XP level 4. HP: 3/35 MP: 1/4
  1601 | D:3      | Gained mutation: You sometimes gain power by taking damage. [demonic ancestry]
  1601 | D:3      | Reached XP level 5. HP: 41/41 MP: 3/5
  1785 | D:3      | Found an ancient bone altar of Kikubaaqudgha.
  1801 | D:3      | Reached skill level 5 in Axes
  1920 | D:3      | Found an opulent altar of Gozag.
  1962 | D:3      | Noticed an orc warrior
  1969 | D:3      | Killed an orc warrior
  1969 | D:3      | Reached XP level 6. HP: 48/48 MP: 6/6
  2559 | D:4      | Gained mutation: You are partially covered in rugged brown scales. (AC +1, +3% HP) [demonic ancestry]
  2559 | D:4      | Reached XP level 7. HP: 4/55 MP: 1/7
  2566 | D:4      | Reached skill level 6 in Axes
  3190 | D:4      | Found a snail-covered altar of Cheibriados.
  3325 | D:4      | Found a radiant altar of Vehumet.
  3350 | D:4      | Noticed Ijyb
  3361 | D:4      | Killed Ijyb
  3793 | D:5      | Entered Level 5 of the Dungeon
  3793 | D:5      | Noticed Dowan
  3796 | D:5      | Noticed Duvessa
  3809 | D:5      | Killed Dowan
  3833 | D:5      | Killed Duvessa
  3984 | D:5      | Gained mutation: Your flesh is cold resistant. (rC+) [evolution]
  3984 | D:5      | Lost mutation: You evolve. [end of evolution]
  4256 | D:5      | Found a staircase to the Ecumenical Temple.
  4367 | D:5      | Reached XP level 8. HP: 62/62 MP: 8/8
  4400 | D:5      | Reached skill level 7 in Axes
  4499 | D:5      | Reached skill level 5 in Armour
  4822 | D:5      | Found a blossoming altar of Fedhas.
  4823 | D:5      | Found a stormy altar of Qazlal.
  4828 | D:5      | Found a basalt altar of Yredelemnul.
  4841 | D:5      | Reached *** piety under Trog
  5111 | D:6      | Noticed Delanovic's ghost (novice GrGl)
  5137 | D:6      | Mangled by Delanovic's ghost

Skill      XL: |  1  2  3  4  5  6  7  8 |
---------------+-------------------------+-----
Axes           | 3 4 5 6 7 |  7.6
Armour         | 2 3 4 5 |  5.3
Fighting       | 4 |  4.5
Dodging        | |  1.7

Action                   |  1- 3 |  4- 6 |  7- 9 || total
-------------------------+-------+-------+-------++-------
Melee: Hand axe          |   112 |    90 |   216 ||   418
       Kick              |    13 |    22 |    56 ||    91
Invok: Berserk           |     5 |     4 |     5 ||    14
       Trog's Hand       |       |     2 |     3 ||     5
  Use: Scroll            |     3 |     3 |     6 ||    12
       Potion            |     4 |     2 |     4 ||    10
 Stab: Sleeping          |     1 |       |       ||     1
       Invisible         |       |       |     2 ||     2
       Distracted        |       |       |     1 ||     1
  Eat: Ration            |     2 |     1 |     3 ||     6
       Chunk             |       |     4 |     8 ||    12
Armor: Animal skin       |    14 |       |       ||    14
       Ring mail         |    19 |    30 |    63 ||   112
Dodge: Dodged            |   117 |    71 |   144 ||   332
